 Dungeon Crawl Stone Soup version bcrawl-1.21.3-16-g7f46a08de7 (webtiles) character file.

Game seed: 11873043288326246317

12691 Amnesiac the Earth Mage (level 11, 61/61 HPs)
             Began as a Fairy Earth Elementalist on Apr 26, 2020.
             Was an Elder of Sif Muna.
             Quit the game on level 9 of the Dungeon on May 4, 2020.
             The game lasted 00:21:40 (11123 turns).

Amnesiac the Earth Mage (Fairy Earth Elementalist) Turns: 11123, Time: 00:21:41

Health: 61/61      AC: 12    Str:  6    XL:     11   Next: 97%
Magic:  27/29      EV: 14    Int: 28    God:    Sif Muna [****..]
Gold:   913        SH: 17    Dex:  9    Spells: 24/35 levels left

rFire    + . .     SeeInvis .   a - +1 short sword (speed)
rCold    . . .     Gourm    .   E - +2 medium shield of Vaacw {Int+5 Dex-3}
rNeg     + . .     Faith    .   (armour unavailable)
rPois    .         Spirit   .   x - +2 helmet
rElec    .         Reflect  .   L - +2 ratskin cloak {+Rats rN+}
rCorr    .         Harm     .   (no gloves)
MR       ++...                  (no boots)
Stlth    +.........             (no amulet)
HPRegen  0.20/turn              y - ring of protection from fire
MPRegen  0.21/turn              K - ring of protection from magic

@: flying evasively, divine energy
A: small, magic attunement, unstealthy, unfitting armour, able to fly, AC/SH +6
a: Stop Flying, Stop Divine Energy, Channel Magic, Forget Spell, Renounce
Religion, Evoke Ratskin


You were on level 9 of the Dungeon.
You worshipped Sif Muna.
Sif Muna was greatly pleased with you.
You were not hungry.

You visited 1 branch of the dungeon, and saw 9 of its levels.

You collected 913 gold pieces.

Inventory:

Hand Weapons
 a - a +1 short sword of speed (weapon)
 f - a +0 blowgun
 t - the +7 scimitar of Wisdom {holy, MR+, unknown}
   (You found it on level 7 of the Dungeon)

   It has been blessed by the Shining One to cause great damage to the undead
   and demons.
   It affects your resistance to hostile enchantments.
 u - a +2 whip of electrocution
Missiles
 n - 35 poisoned needles
 o - 1514 stones (quivered)
Armour
 x - a +2 helmet (worn)
 E - the +2 medium shield of Vaacw (worn) {Int+5 Dex-3}
   (You found it on level 7 of the Dungeon)

   It affects your intelligence (+5).
   It affects your dexterity (-3).
 J - a +0 buckler
 L - the +2 ratskin cloak (worn) {+Rats rN+}
   (You found it on level 8 of the Dungeon)

   It protects you from negative energy.
Jewellery
 y - a ring of protection from fire (left hand)
 K - a ring of protection from magic (right hand)
Comestibles
 b - 5 chunks of flesh
 e - 21 rations {!d}


   Skills:
 - Level 3.0 Dodging
 - Level 2.0 Stealth
 - Level 5.6 Shields
 + Level 12.5 Spellcasting
 - Level 1.0 Transmutations
 * Level 16.7 Earth Magic


You had 24 spell levels left.
You knew the following spells:

 Your Spells              Type           Power        Failure   Level  Hunger
a - Sandblast             Erth           ######       0%          1    None
b - Passwall              Tmut/Erth      ######..     1%          2    None
c - Stone Arrow           Conj/Erth      ######       1%          3    None
e - Lee's Rapid Deconstr  Erth           #######...   1%          5    None

Your spell library contained the following spells:

 Spells                   Type           Power        Failure   Level  Hunger
 Petrify                  Tmut/Erth      ######..     3%          4    None
 Apportation              Tloc           ###...       13%         1    None
 Infusion                 Chrm           ###.....     13%         1    None
 Shock                    Conj/Air       ###..        13%         1    None
 Slow                     Hex            ###.....     13%         1    None
 Summon Butterflies       Summ           ###.....     13%         1    None
 Summon Small Mammal      Summ           ###.         13%         1    None
 Call Imp                 Summ           ###...       19%         2    None
 Searing Ray              Conj           ###.....     19%         2    None
 Shackle                  Hex            ###.....     19%         2    None
 Song of Slaying          Chrm           ###.....     19%         2    None
 Swiftness                Chrm/Air       ###.....     19%         2    None
 Bolt of Magma            Conj/Fire/Erth #####.....   34%         5    None
 Call Canine Familiar     Summ           ###.....     36%         3    None
 Conjure Flame            Conj/Fire      ###.....     36%         3    None
 Ozocubu's Armour         Chrm/Ice       ###.....     36%         3    None
 Regeneration             Chrm/Necr      ###.......   36%         3    None
 Spectral Weapon          Hex/Chrm       ###.....     36%         3    None
 Static Discharge         Air            ###.....     36%         3    None
 Teleport Other           Tloc           ###.....     36%         3    None
 Statue Form              Tmut/Erth      ######...    45%         6    None
 Borgnjor's Vile Clutch   Necr/Erth      ######....   52%         6    None
 Iron Shot                Conj/Erth      ######....   52%         6    None
 Ice Form                 Ice/Tmut       ###.....     71%         4    None
 Airstrike                Air            ###.......   77%         4    None
 Sticky Flame             Conj/Fire      ###.....     77%         4    None
 Summon Ice Beast         Ice/Summ       ###.....     77%         4    None
 Irradiate                Conj/Tmut      ###.......   96%         5    None
 Lightning Bolt           Conj/Air       ###.......   98%         5    None
 Passage of Golubria      Tloc           N/A          98%         5    None
 Silence                  Hex/Air        ###.......   98%         5    None
 Summon Demon             Summ           ###.......   98%         5    None
 Summon Lightning Spire   Summ/Air       ###.....     98%         5    None
 Darkness                 Hex            ###.......   100%        6    None
 Freezing Cloud           Ice/Air        ###.......   100%        6    None
 Infestation              Hex/Tmut/Pois  ###......    100%        6    None
 Dragon Form              Tmut           ###....      100%        7    None
 Malign Gateway           Summ/Tloc      ###.......   100%        7    None
 Spellforged Servitor     Conj/Summ      ###.......   100%        7    None
 Dragon's Call            Summ           ###.......   100%        9    None
 Shatter                  Erth           #######...   100%        9    None


Dungeon Overview and Level Annotations

Branches:
Dungeon (9/12)             Temple (0/1) D:6            Lair (0/6) D:9
    Orc (0/1) D:9

Altars:
Cheibriados
Fedhas
Hepliaklqana
Sif Muna
Vehumet
Wu Jian
Xom

Shops:
D:4 (   D:9 ?


Innate Abilities, Weirdness & Mutations

Your spells do not cause hunger and MP costs are reduced by 1.
Your bright wings attract enemies. (Stealth-)
You cannot fit into any form of body armour.
Your shimmering scales are hard and can block incoming attacks. (AC +6, SH +6)
You are small and have problems with some larger weapons.
You can fly continuously.


Message History

Aiming: Lee's Rapid Deconstruction (safe; 1% risk of failure)
Press: ? - help, Dir - move target cursor A stone wall.
The wall shatters!
The blast of rock fragments hits the acid dragon!!
The acid dragon is almost dead.
Casting: Lee's Rapid Deconstruction (safe; 1% risk of failure)
Confirm with . or Enter, or press ? or * to list all spells.
Aiming: Lee's Rapid Deconstruction (safe; 1% risk of failure)
Press: ? - help, Dir - move target cursor A stone wall.
The wall shatters!
The blast of rock fragments hits the acid dragon!
You kill the acid dragon!
Sif Muna accepts your kill.
You see here Noerghome's Compendium of Transformation and Displacement.
Sif Muna grants you a gift!
You pick up Noerghome's Compendium of Transformation and Displacement and begin reading...
You add the spells Teleport Other, Passage of Golubria, Statue Form, Malign Gateway and Dragon Form to your library.
You start resting.
Magic restored.
You are feeling very hungry.
Found a staircase to the Lair.
e - 21 rations {!d} (gained 1)
o - 1514 stones (gained 134)
Found 2 ruby potions.
You see here 2 ruby potions {!q}.
A crocodile comes into view.
You block the crocodile's attack.
A crocodile is nearby!
A crocodile is nearby!
A crocodile is nearby!
Casting: Lee's Rapid Deconstruction (safe; 1% risk of failure)
Confirm with . or Enter, or press ? or * to list all spells.
Aiming: Lee's Rapid Deconstruction (safe; 1% risk of failure)
Press: ? - help, Dir - move target cursor A rock wall.
The wall shatters!
The blast of rock fragments hits the crocodile!!!
You kill the crocodile!
Sif Muna accepts your kill.
Casting: Lee's Rapid Deconstruction (safe; 1% risk of failure)
Confirm with . or Enter, or press ? or * to list all spells.
Aiming: Lee's Rapid Deconstruction (safe; 1% risk of failure)
Press: ? - help, Dir - move target cursor, f - you You cannot affect that.
You cannot affect that.
Okay, then.
You butcher the crocodile corpse.
b - 6 chunks of flesh You see here a crocodile skeleton. x2
Eating one of 6 chunks of flesh.
You eat one of the 6 chunks of flesh.
This raw flesh tastes terrible.
There is a staircase to the Lair here.
You reach down and open the door.
There is an open door here.
You now have 913 gold pieces (gained 17).
Done exploring.
Done exploring.
Done exploring.
Done exploring.
Unknown command.
Okay, then.
Are you sure you want to abandon this character and quit the game? (Confirm with "yes".)

##### ##### #
#.#.# #.รท.## #
#...### ###..#
#####....###..>###
.......###..###'.#
...........#.###.#
............## #@#
#...#....#...#####
.#.#..##..#....#
####.###########
###############
..............#
..............#
..............#
##.....#####..#


There were no monsters in sight!

Vanquished Creatures
  A hydra (D:8)
  A two-headed ogre (D:9)
  A death knight (D:9)
  Pikel (D:4)
  A deep elf mage (D:7)
  A centaur skeleton (D:9)
  A komodo dragon (D:8)
  A freezing wraith (D:9)
  A meliai (D:7)
  Sigmund (D:2)
  2 wraiths (D:9)
  A vampire (D:8)
  Eustachio (D:4)
  3 wyverns (D:9)
  A steam dragon (D:9)
  10 yaks
  2 hungry ghosts (D:9)
  A vampire mosquito (D:9)
  3 soldier ants (D:8)
  Duvessa (D:7)
  An acid dragon (D:9)
  2 crocodiles (D:9)
  2 two-headed ogre zombies (D:9)
  3 ice beasts
  4 slaves (D:4)
  3 orc warriors
  A hornet zombie (D:9)
  A sky beast (D:8)
  2 phantoms
  2 ogres
  5 centaurs
  5 bullfrogs
  A wyvern skeleton (D:8)
  Dowan (D:7)
  A troll zombie (D:9)
  9 killer bees
  7 wights
  4 howler monkeys
  A centaur zombie (D:5)
  4 crimson imps
  2 hounds (D:5)
  A jelly (D:5)
  3 bullfrog zombies
  2 bullfrog skeletons
  5 orc priests
  A gnoll shaman (D:9)
  13 orc wizards
  2 iguanas (D:8)
  Natasha (thrice) (D:3)
  A hell rat (D:8)
  11 worker ants
  5 ogre zombies (D:9)
  A hound zombie (D:5)
  A worker ant zombie (D:6)
  Robin (D:4)
  18 adders
  13 gnolls
  6 river rats (D:8)
  4 shadow imps
  2 oozes (D:3)
  5 adder skeletons
  9 worms
  2 leopard geckos
  36 orcs
  2 ball pythons
  6 bats
  3 giant cockroaches
  15 hobgoblins
  7 jackals
  3 quokkas
  2 frilled lizards
  8 goblins
  A goblin skeleton (D:9)
  3 goblin zombies (D:9)
  2 hobgoblin skeletons (D:9)
  3 hobgoblin zombies (D:9)
  15 kobolds
  16 orc zombies (D:9)
  19 rats
346 creatures vanquished.

Notes
Turn   | Place    | Note
-------+----------+-------------------------------------------
     0 | D:1      | Amnesiac the Fairy Earth Elementalist began the quest for
                  | the Orb.
     0 | D:1      | Reached XP level 1. HP: 11/11 MP: 6/6
    52 | D:1      | Reached skill level 4 in Earth Magic
    52 | D:1      | Reached XP level 2. HP: 17/17 MP: 7/7
   210 | D:1      | Upgraded the game from bcrawl-1.21.3-2-g9d8a61a446 to
                  | bcrawl-1.21.3-16-g7f46a08de7
   704 | D:2      | Learned a level 2 spell: Passwall
   756 | D:2      | Reached XP level 3. HP: 21/21 MP: 9/9
   763 | D:2      | Learned a level 3 spell: Stone Arrow
   917 | D:2      | Noticed Sigmund
   927 | D:2      | Killed Sigmund
   927 | D:2      | Reached skill level 6 in Earth Magic
   927 | D:2      | Reached XP level 4. HP: 27/27 MP: 9/12
   927 | D:2      | Reached XP level 5. HP: 31/31 MP: 10/14
  1417 | D:2      | Found a shimmering blue altar of Sif Muna.
  1666 | D:2      | Became a worshipper of Sif Muna the Loreminder
  1741 | D:3      | Reached XP level 6. HP: 36/36 MP: 15/15
  1833 | D:3      | Learned a level 5 spell: Lee's Rapid Deconstruction
  2152 | D:3      | Noticed Natasha
  2154 | D:3      | Killed Natasha
  2194 | D:3      | Reached skill level 5 in Spellcasting
  2395 | D:3      | Noticed Natasha
  2402 | D:3      | Killed Natasha
  2402 | D:3      | Reached * piety under Sif Muna
  2402 | D:3      | Reached skill level 7 in Earth Magic
  2407 | D:3      | Identified Vagoimuv's Almanac of Aerial Clay (Sif Muna
                  | gifted it to you on level 3 of the Dungeon)
  2407 | D:3      | Received a gift from Sif Muna
  2721 | D:3      | Noticed Natasha
  2726 | D:3      | Killed Natasha
  2726 | D:3      | Reached XP level 7. HP: 40/41 MP: 12/17
  2968 | D:4      | Found Xeimen's Weapon Shop.
  3097 | D:4      | Noticed Eustachio
  3118 | D:4      | Killed Eustachio
  3118 | D:4      | Reached skill level 8 in Earth Magic
  3258 | D:4      | Noticed Pikel
  3266 | D:4      | Killed Pikel
  3266 | D:4      | Reached skill level 9 in Earth Magic
  3266 | D:4      | Reached XP level 8. HP: 46/46 MP: 7/20
  3387 | D:4      | Noticed Robin
  3389 | D:4      | Killed Robin
  3874 | D:4      | Found a shimmering altar of Xom.
  3915 | D:4      | Found a blossoming altar of Fedhas.
  3915 | D:4      | Found a snail-covered altar of Cheibriados.
  3917 | D:4      | Found a radiant altar of Vehumet.
  3917 | D:4      | Found a snail-covered altar of Cheibriados.
  3917 | D:4      | Found an ornate altar of the Wu Jian Council.
  3972 | D:5      | Entered Level 5 of the Dungeon
  3991 | D:5      | Identified Otiqolea's Compendium of Confrontation (Sif Muna
                  | gifted it to you on level 5 of the Dungeon)
  3991 | D:5      | Received a gift from Sif Muna
  4116 | D:5      | Reached skill level 10 in Earth Magic
  5136 | D:6      | Reached skill level 11 in Earth Magic
  5136 | D:6      | Reached XP level 9. HP: 51/51 MP: 10/23
  5315 | D:6      | Found a hazy altar of Hepliaklqana.
  5366 | D:6      | Reached ** piety under Sif Muna
  5492 | D:6      | Found a staircase to the Ecumenical Temple.
  5513 | D:6      | Received a gift from Sif Muna
  6066 | D:7      | Noticed Dowan
  6068 | D:7      | Killed Dowan
  6115 | D:7      | Noticed Duvessa
  6118 | D:7      | Killed Duvessa
  6118 | D:7      | Reached skill level 12 in Earth Magic
  6247 | D:7      | Identified the +6 leather armour of the Past {rElec MR-
                  | Regen+ Int-4}
  6568 | D:7      | Noticed a deep elf mage
  6569 | D:7      | Killed a deep elf mage
  6569 | D:7      | Identified Bealim's Papyrus of Shifting Clay (Sif Muna
                  | gifted it to you on level 7 of the Dungeon)
  6569 | D:7      | Received a gift from Sif Muna
  6569 | D:7      | Reached skill level 13 in Earth Magic
  6675 | D:7      | Reached XP level 10. HP: 56/56 MP: 15/25
  6855 | D:7      | Reached skill level 10 in Spellcasting
  7063 | D:7      | Found a snail-covered altar of Cheibriados.
  7198 | D:7      | Got a crystal scimitar
  7277 | D:7      | Got a jewelled medium shield
  7477 | D:8      | Reached skill level 1 in Shields
  7616 | D:8      | Found the +2 ratskin cloak {+Rats rN+}
  7742 | D:8      | Identified the +2 medium shield of Vaacw {Int+5 Dex-3} (You
                  | found it on level 7 of the Dungeon)
  7746 | D:8      | Reached skill level 14 in Earth Magic
  7866 | D:8      | Noticed a four-headed hydra
  7869 | D:8      | Killed a four-headed hydra
  7869 | D:8      | Reached *** piety under Sif Muna
  8199 | D:8      | Identified Sif Muna's Handbook of Summoning and Bewitchment
                  | (Sif Muna gifted it to you on level 8 of the Dungeon)
  8199 | D:8      | Received a gift from Sif Muna
  8548 | D:8      | Reached XP level 11. HP: 53/61 MP: 19/28
  8549 | D:8      | Reached skill level 15 in Earth Magic
  8813 | D:9      | Noticed a two-headed ogre
  8815 | D:9      | Killed a two-headed ogre
  8815 | D:9      | Reached skill level 5 in Shields
  9207 | D:9      | Reached **** piety under Sif Muna
  9633 | D:9      | Received a gift from Sif Muna
  9717 | D:9      | Found a staircase to the Orcish Mines.
 10296 | D:9      | Found a shimmering blue altar of Sif Muna.
 10330 | D:9      | Reached skill level 16 in Earth Magic
 10637 | D:9      | Found Fefoev's Magic Scroll Shoppe.
 10728 | D:9      | Noticed a death knight
 10767 | D:9      | Killed a death knight
 11014 | D:9      | Identified Noerghome's Compendium of Transformation and
                  | Displacement (Sif Muna gifted it to you on level 9 of the
                  | Dungeon)
 11014 | D:9      | Received a gift from Sif Muna
 11051 | D:9      | Found a staircase to the Lair.
 11123 | D:9      | Quit the game

Skill      XL: |  1  2  3  4  5  6  7  8  9 10 11 |
---------------+----------------------------------+-----
Earth Magic    | 4 6 7 9 11 13 14 16 | 16.7
Spellcasting   | 3 4 5 7 8 9 11 12 | 12.5
Dodging        | 3 |  3.0
Stealth        | 2 |  2.0
Shields        | 4 5 |  5.6
Transmutations | |  1.0

Action                   |  1- 3 |  4- 6 |  7- 9 | 10-12 || total
-------------------------+-------+-------+-------+-------++-------
Melee: Unarmed           |     2 |       |       |       ||     2
       Short sword       |       |    20 |     9 |    62 ||    91
 Cast: Sandblast         |    51 |    29 |     6 |    26 ||   112
       Lee's Rapid Decon |       |    12 |   117 |   160 ||   289
Invok: Divine Energy     |       |     1 |       |       ||     1
  Eat: Chunk             |       |     4 |    10 |    13 ||    27
       Ration            |       |     1 |       |       ||     1
Armor: Skin              |     3 |     5 |     4 |     5 ||    17
Dodge: Dodged            |    27 |    23 |    18 |    34 ||   102
Block: Other             |       |     4 |     5 |     4 ||    13
       Medium shield     |       |       |       |    52 ||    52
